 Dungeon Crawl Stone Soup version 0.29.1-2-gbd0b4ee654 (webtiles) character file.

Game seed: 16136291881323802393

2732 funnyparkerb the Changer (level 9, -3/58 HPs)
             Began as an Octopode Transmuter on Nov 7, 2022.
             Was an Initiate of Gozag.
             Slain by Maurice
             ... wielding a +0 short sword
              (6 damage)
             ... on level 8 of the Dungeon.
             The game lasted 00:20:02 (10285 turns).

funnyparkerb the Changer (Octopode Transmuter)     Turns: 10285, Time: 00:20:02

Health: -3/58      AC:  0    Str: 10    XL:     9   Next: 67%
Magic:  10/17      EV: 15    Int: 19    God:    Gozag
Gold:   747        SH:  5    Dex: 12    Spells: 3/19 levels left

rFire   . . .      SeeInvis .     - Unarmed
rCold   . . .      Faith    .   (shield currently unavailable)
rNeg    . . .      Spirit   .   (helmet currently unavailable)
rPois   .          Reflect  +   D - amulet of reflection
rElec   .          Harm     .   (ring currently unavailable)
rCorr   .          Rampage  .   (ring currently unavailable)
Will    .....                   (ring currently unavailable)
Stlth   +.........              (ring currently unavailable)
HPRegen 0.19/turn               (ring currently unavailable)
MPRegen 0.15/turn               (ring currently unavailable)
                                (ring currently unavailable)
                                (ring currently unavailable)

@: pig-form, wereblooded, slowed
A: fast, no casting, almost no armour, (amphibious), (8 rings), small,
(camouflage 1), (gelatinous body 1), (nimble swimmer 1), (tentacles)
a: Renounce Religion, Potion Petition, Call Merchant, Bribe Branch


You were on level 8 of the Dungeon.
You worshipped Gozag.
Gozag was pleased with you.
You were a filthy swine.
You visited 1 branch of the dungeon, and saw 8 of its levels.

You collected 809 gold pieces.
You paid 62 gold pieces to Gozag.

Inventory:

Hand Weapons
 b - a +2 dagger of venom (melded)
Missiles
 p - 10 javelins
 t - a curare-tipped dart
Armour
 i - a +0 buckler
Jewellery
 q - a ring of ice (melded)
 u - a ring of fire (melded)
 y - a ring of wizardry (melded)
 A - a ring of magical power (melded)
 D - an amulet of reflection (around neck)
Wands
 f - a wand of paralysis (10)
 B - a wand of flame (15)
 C - a wand of quicksilver (9)
Scrolls
 c - 5 scrolls of teleportation {unknown}
 d - 8 scrolls of identify {unknown}
 e - 2 scrolls of amnesia {unknown}
 g - 3 scrolls of brand weapon {unknown}
 l - 3 scrolls of poison {unknown}
 m - 2 scrolls of enchant armour {unknown}
 n - 4 scrolls of blinking {unknown}
 o - 2 scrolls of enchant weapon {unknown}
 r - 3 scrolls of butterflies {unknown}
 v - a scroll of magic mapping {unknown}
 w - a scroll of noise {unknown}
 x - 2 scrolls of vulnerability {unknown}
Potions
 a - 2 potions of lignification
 h - a potion of might {unknown}
 j - a potion of curing
 k - a potion of invisibility
 z - a potion of magic {unknown}


   Skills:
 + Level 4.2 Fighting
 + Level 4.6 Dodging
 - Level 3.0 Unarmed Combat
 + Level 5.6 Spellcasting
 + Level 0.0 Hexes
 - Level 1.1 Summonings
 + Level 7.3 Transmutations
 + Level 4.8 Ice Magic
 - Level 5.0 Poison Magic


You had 3 spell levels left.
You knew the following spells:

 Your Spells              Type           Power      Damage    Failure   Level
a - Beastly Appendage     Tmut           66%        N/A       1%          1
b - Wereblood             Tmut           33%        N/A       1%          2
c - Spider Form           Tmut/Pois      28%        N/A       2%          3
d - Ice Form              Ice/Tmut       28%        N/A       10%         4
e - Ignite Poison         Fire/Tmut/Pois 21%        N/A       6%          3
f - Summon Guardian Gole  Hex/Summ       7%         N/A       28%         3

Your spell library contained the following spells:

 Spells                   Type           Power      Damage    Failure   Level
 Passwall                 Tmut/Erth      15%        N/A       3%          2
 Frozen Ramparts          Ice            46%        1d7       4%          3
 Ensorcelled Hibernation  Hex/Ice        28%        N/A       7%          2
 Summon Small Mammal      Summ           36%        N/A       8%          1
 Mephitic Cloud           Conj/Pois/Air  11%        N/A       17%         3
 Call Canine Familiar     Summ           9%         N/A       22%         3
 Swiftness                Air            5%         N/A       34%         3
 Summon Ice Beast         Ice/Summ       16%        N/A       34%         4
 Freezing Cloud           Conj/Ice/Air   5%         6-21      86%         5
 Iskenderun's Battlesphe  Conj           5%         2d6       97%         5
 Iron Shot                Conj/Erth      2%         9d2       100%        6
 Spellforged Servitor     Conj/Summ      3%         N/A       100%        7


Dungeon Overview and Level Annotations

Branches:
Dungeon (8/15)             Temple (0/1) D:7
   Lair: D:8-11

Altars:
Ashenzari
Cheibriados
Fedhas
Gozag
Hepliaklqana
Kikubaaqudgha
Okawaru
Qazlal
Trog
Vehumet
Wu Jian
Xom
Zin

Shops:
D:8 *

Annotations:
D:8 Maurice


Innate Abilities, Weirdness & Mutations

You are a filthy swine.
You move quickly.
Your equipment is almost entirely melded.
You are incapable of wielding weapons or throwing items.
You cannot cast spells.
You cannot wear most types of armour.
((You are amphibious.))
((You can wear up to eight rings at the same time.))
((Your skin changes colour to match your surroundings (Stealth+).))
((Your rubbery body absorbs attacks. (AC +1, EV +1)))
((You are camouflaged when in or above water. (Stealth+)))
((You have tentacles for arms and can constrict up to eight enemies at once.))


Message History

You turn into a filthy swine.
Your +2 dagger of venom melds into your body.
Your ring of ice melds into your body.
Your ring of fire melds into your body.
Your ring of wizardry melds into your body.
Your ring of magical power melds into your body.
Your +2 dagger of venom stops dripping with poison.
You feel your magic capacity decrease.
You hit the wight but do no damage.
The wight is severely damaged.
You block the wight's attack. Something barely misses you. Something hits you.
Something steals your amethyst potion!
There is an open door here.
You block something's attack. Something barely misses you. Something hits you!
Something steals 5 of your 6 curare-tipped darts!
A curare-tipped dart appears from out of thin air!
The curare-tipped dart hits you.
You are poisoned.
You have difficulty breathing.
You feel yourself slow down.
You feel sick.
A curare-tipped dart appears from out of thin air!
The curare-tipped dart hits you.
You are more poisoned.
You have difficulty breathing.
You feel as though you will be slow longer.
You feel sick.
A curare-tipped dart appears from out of thin air!
The curare-tipped dart hits you.
You are lethally poisoned!
You have difficulty breathing.
* * * LOW HITPOINT WARNING * * *
You feel as though you will be slow longer.
* * * LOW HITPOINT WARNING * * *
You feel extremely sick.
You feel better. Something hits you!
* * * LOW HITPOINT WARNING * * *
Something steals 1 of your 9 scrolls labelled NELETE SIOKOFE!
Something hits you.
You die...
Your body crumbles into a pile of gold.

#+###...##..##.# ..##...........
#..##...##..##.###..##...........
...#.....+..........#....<..♣♣..
...+................#.....#..♣ .
#..##...#######.#...##.)..##....
#..####.#§§§§§#.....##....###....
..(.....#§....#.............##...
#.......#§.∩................# ###
#..##...#§....#.h...........#
##'####.#§§§§§#{#...##..##>####
...9....#######.#...##..##.##.###
...#........z...#........#.......
...#.....#......#........#.....##
#..#.....#......#..............#
#..##...##..#####..###......####
#.9#######..##.##..###.######
.... .....#.....#....#


You could see a wight.

Vanquished Creatures
  A steam dragon (D:8)
  A water moccasin (D:4)
  An ice beast (D:6)
  2 sky beasts
  2 orc warriors
  3 centaurs
  2 phantoms
  2 necrophages
  2 bullfrogs
  A scorpion (D:6)
  7 wights
  An electric eel (D:6)
  A howler monkey (D:6)
  4 crimson imps (D:4)
  5 hounds
  An orc priest (D:4)
  A gnoll bouda (D:8)
  2 jellies (D:7)
  5 iguanas
  4 orc wizards
  4 gnolls
  7 adders
  2 shadow imps
  2 white imps (D:5)
  2 ufetubi
  4 worms
  2 dart slugs (D:3)
  25 orcs
  7 endoplasms
  3 giant cockroaches
  5 goblins
  3 hobgoblins
  8 jackals (D:5)
  10 kobolds
  4 quokkas
  3 ball pythons
  9 bats
  5 rats
153 creatures vanquished.

Vanquished Creatures (others)
  5 plants (D:6)
5 creatures vanquished.

Grand Total: 158 creatures vanquished

Notes
Turn   | Place    | Note
-------+----------+-------------------------------------------
     0 | D:1      | funnyparkerb the Octopode Transmuter began the quest for
                  | the Orb.
     0 | D:1      | Reached XP level 1. HP: 13/13 MP: 3/3
    46 | D:1      | Found a faded altar of an unknown god.
   346 | D:1      | Reached XP level 2. HP: 17/18 MP: 3/5
   581 | D:1      | Learned a level 2 spell: Wereblood
   998 | D:2      | Reached XP level 3. HP: 22/23 MP: 2/6
  1186 | D:2      | Learned a level 3 spell: Spider Form
  1955 | D:3      | Found an ornate altar of the Wu Jian Council.
  2013 | D:3      | Reached skill level 3 in Transmutations
  2013 | D:3      | Reached skill level 1 in Poison Magic
  2404 | D:3      | Reached XP level 4. HP: 27/28 MP: 4/8
  3074 | D:4      | Found a broken altar of Ashenzari.
  3131 | D:4      | Noticed a phantom
  3132 | D:4      | Reached XP level 5. HP: 8/33 MP: 6/9
  3544 | D:4      | Learned a level 4 spell: Ice Form
  3617 | D:4      | Found a shimmering altar of Xom.
  3638 | D:4      | Reached skill level 4 in Transmutations
  3638 | D:4      | Reached skill level 1 in Ice Magic
  3638 | D:4      | Reached XP level 6. HP: 36/38 MP: 7/11
  4441 | D:4      | Noticed a water moccasin
  4462 | D:4      | Killed a water moccasin
  4463 | D:4      | Reached skill level 5 in Transmutations
  4463 | D:4      | Reached XP level 7. HP: 32/43 MP: 9/13
  4748 | D:5      | Entered Level 5 of the Dungeon
  4748 | D:5      | Found a radiant altar of Vehumet.
  4973 | D:5      | Found an opulent altar of Gozag.
  5005 | D:5      | HP: 1/43 [white imp/puff of frost (10)]
  5012 | D:5      | Became a worshipper of Gozag Ym Sagoz the Greedy
  5552 | D:5      | Found a glowing silver altar of Zin.
  5628 | D:5      | Found a blossoming altar of Fedhas.
  5753 | D:5      | Found a stormy altar of Qazlal.
  5989 | D:5      | Found a hazy altar of Hepliaklqana.
  6049 | D:5      | Found an iron altar of Okawaru.
  6356 | D:5      | Reached XP level 8. HP: 11/50 MP: 11/14
  6653 | D:6      | Learned a level 3 spell: Ignite Poison
  6901 | D:6      | Reached skill level 6 in Transmutations
  7476 | D:6      | Reached skill level 5 in Poison Magic
  7835 | D:6      | Found a bloodstained altar of Trog.
  8056 | D:6      | Found a snail-covered altar of Cheibriados.
  8070 | D:6      | Reached skill level 5 in Spellcasting
  8070 | D:6      | Reached XP level 9. HP: 49/57 MP: 16/16
  8834 | D:7      | Noticed a troll
  8906 | D:7      | Reached skill level 7 in Transmutations
  9317 | D:7      | Found an ancient bone altar of Kikubaaqudgha.
  9537 | D:7      | Found a staircase to the Ecumenical Temple.
  9646 | D:7      | Learned a level 3 spell: Summon Guardian Golem
 10104 | D:8      | Reached skill level 1 in Summonings
 10202 | D:8      | Found Duagel's Changing Room.
 10234 | D:8      | Noticed Maurice
 10285 | D:8      | Slain by Maurice

Illustrated notes

Levels and vault maps discovered:
D:1:      dpeg_arrival_simpleton_a, layout_basic,
          hellmonk_ecumenical_altar_lost_god
D:2:      layout_loops_ring
D:3:      layout_loops_ring, lemuel_crystal_altar
D:4:      minmay_diamond_boxcup, layout_basic, mainiacjoe_overflow_brackets,
          led_xom_imps, kennysheep_generic_room_12
D:5:      layout_basic, nicolae_overflow_crystal_walls, kennysheep_little_box,
          zin_statuary, lemuel_doored_altar, nzn_hepliaklqana_mist_gate,
          mainiacjoe_overflow_cross_hatched, kennysheep_mini,
          cheibrodos_sewer_entry_bend
D:6:      layout_loops_corners, lemuel_crystal_altar,
          mainiacjoe_overflow_small_starburst, kennysheep_cross_room,
          st_stairs_2, serial_bayou_pond_b
D:7:      layout_basic, mainiacjoe_overflow_24_doors,
          minmay_temple_entry_drinking_statues, lightli_corner_chamber
D:8:      layout_gridville, gammafunk_temple_overflow_statue,
          nicolae_transmutations_shop, kennysheep_decorative_pillar,
          uniq_maurice

Skill      XL: |  1  2  3  4  5  6  7  8  9 |
---------------+----------------------------+-----
Transmutations | 3 4 5 6 7 |  7.3
Poison Magic   | 1 2 3 4 5 |  5.0
Spellcasting   | 3 4 5 |  5.6
Ice Magic      | 1 2 3 4 |  4.8
Fighting       | 3 4 |  4.2
Dodging        | 3 4 |  4.6
Summonings     | 1 |  1.1
Unarmed Combat | |  3.0

Action                   |  1- 3 |  4- 6 |  7- 9 || total
-------------------------+-------+-------+-------++-------
Melee: Unarmed           |    10 |    63 |   285 ||   358
       Dagger            |    61 |    30 |    25 ||   116
       Kick              |    18 |     7 |     3 ||    28
       Constrict         |    23 |    11 |     4 ||    38
       Tentacles         |     9 |     7 |     4 ||    20
       Punch             |     1 |     3 |     2 ||     6
Throw: Dart              |       |       |     3 ||     3
 Cast: Beastly Appendage |    28 |     9 |     2 ||    39
       Wereblood         |    17 |    12 |    26 ||    55
       Spider Form       |     1 |     8 |    30 ||    39
       Ignite Poison     |       |       |    10 ||    10
       Ice Form          |       |       |    11 ||    11
       Summon Guardian G |       |       |     1 ||     1
  Use: Potion            |       |     7 |     3 ||    10
 Stab: Sleeping          |     6 |     2 |       ||     8
Armor: Skin              |     6 |    14 |    47 ||    67
Dodge: Dodged            |    50 |    53 |   256 ||   359
Block: Other             |       |       |    17 ||    17
       Reflection        |       |       |     2 ||     2
